 Dungeon Crawl Stone Soup version 0.31-a0-662-g684573625c (webtiles) character file.

Game seed: 17000500020960937080

28 zard0z the Trooper (level 3, 33/33 HPs)
             Began as a Minotaur Berserker on May 21, 2022.
             Was a Follower of Trog.
             Quit the game on level 1 of the Dungeon on Aug 31, 2023.
             The game lasted 00:07:39 (890 turns).

zard0z the Trooper (Minotaur Berserker)              Turns: 890, Time: 00:07:39

Health: 33/33      AC: 11    Str: 23    XL:     3   Next: 0%
Magic:  2/2        EV:  7    Int:  4    God:    Trog [*.....]
Gold:   39         SH:  0    Dex:  9    Spells: 2/2 levels left

rFire   . . .        a - +0 mace
rCold   . . .        (no shield)
rNeg    . . .        g - +0 plate armour
rPois   .            (helmet restricted)
rElec   .            (no cloak)
rCorr   .            (no gloves)
SInv    .            (no boots)
Will    .....        (no amulet) Stlth
                     (no ring)
HPRegen 0.25/turn    (no ring)
MPRegen 0.08/turn

%: no passive effects
@: no status effects
A: horns 2, retaliatory headbutt
a: Renounce Religion, Berserk


You were on level 1 of the Dungeon.
You worshipped Trog.
Trog was aware of your devotion.
You visited 1 branch of the dungeon, and saw 1 of its levels.

You collected 39 gold pieces.

Inventory:

Hand Weapons
 a - a +0 mace (weapon)
Missiles
 c - 21 stones (quivered)
 d - 6 atropa-tipped darts
Armour
 b - a +0 animal skin
 g - a +0 plate armour (worn)
Scrolls
 e - a scroll of identify {unknown}
 h - a scroll of amnesia {unknown}
 j - a scroll of enchant weapon {unknown}
Potions
 f - a potion of brilliance {unknown}
 i - a potion of cancellation {unknown}


   Skills:
 + Level 4.1 Fighting
 + Level 4.1 Maces & Flails
 + Level 3.1 Armour
 - Level 2.1 Dodging


You had 2 spell levels left.
You didn't know any spells.
Your spell library was empty.

Dungeon Overview and Level Annotations

Branches:
Dungeon (1/15)

Altars:


Innate Abilities, Weirdness & Mutations

You have a pair of horns on your head.
You reflexively headbutt those who attack you in melee.


Message History

You kill the ball python!
Trog accepts your kill.
A giant cockroach comes into view.
You hit the giant cockroach. You headbutt the giant cockroach.
You kill the giant cockroach!
Trog accepts your kill.
You see here a giant cockroach corpse.
Found a stone staircase leading down.
There is a stone staircase leading down here.
Found a hand axe.
i - a sedimented brown potion You see here a +0 hand axe.
You now have 39 gold pieces (gained 4).
j - a scroll labelled FUFRE EFITYEB A rat comes into view.
A rat is nearby!
A bat comes into view.
The bat closely misses you.
You sock the bat!
You kill the bat!
Trog accepts your kill.
You closely miss the rat. You headbutt the rat.
You kill the rat!
Trog accepts your kill.
You have reached level 3!
Your experience leads to an increase in your attributes!
Increase (S)trength, (I)ntelligence, or (D)exterity?
You feel stronger. x2
Save game and exit?
Welcome back, zard0z the Minotaur Berserker.
Trog says: Kill them all!
Press ? for a list of commands and other information.
You see here a rat corpse.
Okay, then.
Unknown command.
Okay, then.
Press: ? - help, v - describe, . - travel The floor.
Clearing monster memory.
Are you sure you want to abandon this character and quit the game? (Confirm with "yes".)

..............##
##.###.######..########
.......................
######.#######..#######
#.# ##.## #.# #..# #.#
#######.##
#.###.....#..###
#.........†@...# ##
##.....##.#.# ###...
...# #... ...# #...
...# #... .#.# #...
.#.# #... .#.#


There were no monsters in sight!

Vanquished Creatures
  2 dart slugs (D:1)
  3 endoplasms (D:1)
  2 giant cockroaches (D:1)
  A hobgoblin (D:1)
  2 jackals (D:1)
  3 kobolds (D:1)
  A quokka (D:1)
  A ball python (D:1)
  2 bats (D:1)
  5 rats (D:1)
22 creatures vanquished.

Notes
Turn   | Place    | Note
-------+----------+-------------------------------------------
     0 | D:1      | zard0z the Minotaur Berserker began the quest for the Orb.
     0 | D:1      | Reached XP level 1. HP: 19/19 MP: 0/0
   317 | D:1      | Reached XP level 2. HP: 27/27 MP: 1/1
   888 | D:1      | Reached XP level 3. HP: 33/33 MP: 2/2
   888 | D:1      | Upgraded the game from 0.29-a0-330-g52719c12eb to
                  | 0.31-a0-662-g684573625c
   890 | D:1      | Quit the game

Illustrated notes

Levels and vault maps discovered:
D:1:      nzn_arrival_settlement, layout_basic

Skill      XL: |  1  2 |
---------------+-------+-----
Fighting       | 4 |  4.1
Maces & Flails | 4 |  4.1
Armour         | 3 |  3.1
Dodging        | |  2.1

Action                     || total
---------------------------++-------
  Melee: Mace              ||    43
         Headbutt          ||     6
 Armour: Animal skin       ||     5
         Plate armour      ||     2
  Dodge: Dodged            ||    34

Table legend: (Time is in decaauts)
 A = Elapsed time spent in this place.
 B = Non-inter-level travel time spent in this place.
 C = Inter-level travel time spent in this place.
 D = Time resting spent in this place.
 E = Time spent auto-exploring this place.
 F = Levels seen in this place.
 G = Mean time per level.
                   A        B        C        D        E       F      G
               +--------+--------+--------+--------+--------+-----+--------+
         Total |    899 |    892 |      7 |    127 |    405 |   1 |  899.0 |
       Dungeon |    899 |    892 |      7 |    127 |    405 |   1 |  899.0 |
               +--------+--------+--------+--------+--------+-----+--------+

Top non-repeatable levels by time:
     D:1: 899 daAuts
